cohdb
Replays
Latest Replays
All Replays
Popular Replays
Top Player Replays
Match Explorer
How It Works
Community
CoH3 Stats
Reddit
Sign in to upload your games and track your stats! →
Sign in with Steam
Match 43085324
Unlisted
Match 43085324
Overview
Messages
Build Orders
End
Panzergrenadier Squad
250 Light Carrier
Construct Light Support Kompanie
Panzergrenadier Squad
Assault Grenadier Squad
2.5-tonne Medical Truck
Fire Support Elements
Forward Retreat Point
Pak 38 Mechanized Group
Construct Panzerarmee Kommand
Combat Half-tracks
Selects Italian Infantry
Selects Guastatori Squad
Selects Registered Artillery
Guastatori Squad
Selects Defensive Operations
Flak 36 Anti-tank Gun Team
manchesterunited_2016
ToxinX
Sasariu
Jack2
Monkis
0megon
Touffic
gUi
0
0
Comments
sign in to comment!
No comments posted yet!